 Dungeon Crawl Stone Soup version 0.24.0-123-gd5b16e6ec5 (webtiles) character file.

Game seed: 18102002732705079688, levelgen mode: deterministic

19636 brucemayne the Severer (level 12, 0/115 HPs)
             Began as a Hill Orc Monk on Jan 26, 2020.
             Was a High Priest of Trog.
             Killed by divine providence
             ... invoked by an orc priest
              (15 damage)
             ... on level 2 of the Orcish Mines.
             The game lasted 00:27:32 (5947 turns).

brucemayne the Severer (Hill Orc Monk)              Turns: 5947, Time: 00:27:33

Health: 0/115      AC: 25    Str: 19    XL:     12   Next: 71%
Magic:  12/12      EV:  8    Int: 10    God:    Trog [*****.]
Gold:   956        SH:  0    Dex: 13    Spells: 11/11 levels left

rFire    . . .     SeeInvis +   r - +1 war axe
rCold    . . .     Gourm    .   (no shield)
rNeg     + . .     Faith    .   J - +7 plate armour of the Gate {rPois rN+ MR-}
rPois    +         Spirit   .   (no helmet)
rElec    .         Reflect  .   (no cloak)
rCorr    .         Harm     .   (no gloves)
MR       .....                  A - +0 pair of boots
Stlth    ..........             (no amulet)
HPRegen  0.29/turn              H - +4 ring of protection
MPRegen  0.13/turn              z - ring of see invisible

@: no status effects
A: no striking features
a: Berserk, Trog's Hand, Brothers in Arms, Renounce Religion, Convert to Beogh


You were on level 2 of the Orcish Mines.
You worshipped Trog.
Trog was extremely pleased with you.
You were not hungry.

You visited 3 branches of the dungeon, and saw 16 of its levels.
You visited the Abyss 1 time.
You also visited: Ossuary.

You collected 956 gold pieces.

Inventory:

Hand Weapons
 p - the +6 morningstar "Ronoiwuth" {speed, Str+7, unknown}
   (You found it on level 3 of the Abyss)

   Attacks with this weapon are significantly faster.
   It affects your strength (+7).
 r - a +1 war axe (weapon)
 I - a +0 flail of crushing
Missiles
 n - 5 atropa-tipped darts (quivered)
 t - a throwing net
 Q - 17 poisoned darts
Armour
 a - a +0 troll leather armour
 v - a +0 large shield
 A - a +0 pair of boots (worn)
 J - the +7 plate armour of the Gate (worn) {rPois rN+ MR-}
   (You found it on level 7 of the Dungeon)

   It protects you from poison.
   It protects you from negative energy.
   It affects your resistance to hostile enchantments.
Jewellery
 d - an uncursed ring of ice
 z - a ring of see invisible (right hand)
 H - a +4 ring of protection (left hand)
 R - the amulet "Daikhux" {Faith +Fly Int+4}
   (You found it on level 13 of the Dungeon)

   [amulet of faith]

   It allows you to gain divine favour quickly.
   It affects your intelligence (+4).
   It lets you fly.
Wands
 x - a wand of random effects (11)
 G - a wand of iceblast (2)
 O - a wand of flame (18)
Scrolls
 e - 2 scrolls of magic mapping
 g - 4 scrolls of remove curse
 i - 3 scrolls of identify
 l - 4 scrolls of immolation
 o - 2 scrolls of amnesia {unknown}
 s - 2 scrolls of fog {unknown}
 y - 2 scrolls of fear
 B - 2 scrolls of enchant weapon
 E - 2 scrolls of teleportation
 F - 2 scrolls of noise {unknown}
 L - a scroll of random uselessness {unknown}
 M - a scroll of enchant armour {unknown}
 N - a scroll of vulnerability {unknown}
 S - a scroll of summoning {unknown}
 T - 2 scrolls of silence {unknown}
 U - a scroll of blinking
Potions
 j - 2 potions of curing
 k - 4 potions of haste
 C - 2 potions of berserk rage
 D - a potion of flight
 K - a potion of degeneration
 P - a potion of might {unknown}
 V - a potion of cancellation {unknown}
Comestibles
 b - 7 chunks of flesh
 c - 4 rations


   Skills:
 - Level 13.5 Fighting
 + Level 18.4 Axes
 - Level 7.2 Armour
 - Level 5.1 Dodging
 - Level 1.5 Stealth


You had 11 spell levels left.
You didn't know any spells.
Your spell library contained the following spells:

 Spells                   Type           Power        Failure   Level  Hunger
 Apportation              Tloc           #.....       100%        1    ##.....
 Sting                    Conj/Pois      #...         100%        1    ##.....
 Dispersal                Tloc           #.........   100%        6    #######
 Malign Gateway           Summ/Tloc      #.........   100%        7    #######


Dungeon Overview and Level Annotations

Branches:
Dungeon (13/15)            Temple (1/1) D:4             Orc (2/2) D:12
 Vaults (0/5) D:13        Ossuary (visited)
   Lair: D:8-11         Elf: Orc:2

Altars:
Ashenzari
Cheibriados
Dithmenos
Elyvilon
Fedhas
Hepliaklqana
Kikubaaqudgha
Makhleb
Nemelex Xobeh
Okawaru
Qazlal
Ru
Sif Muna
Trog
Uskayaw
Wu Jian
Xom
Yredelemnul
Beogh

Shops:
D:4 ?   Orc:1 (

Annotations:
D:2 Terence
D:4 Ijyb
D:8 3 runed translucent doors, Fzanck's ghost, novice MiFi


Message History

The orc knight shouts!
The orc wizard shouts!
The orc warrior shouts!
The orc wizard mumbles some strange words.
The orc wizard flickers and vanishes for a moment.
An orc comes into view. It is wielding a +0 dagger.
The orc hits you but does no damage.
Unknown command.
The orc warrior throws a boomerang.
The boomerang hits you but does no damage.
The weapon returns to the orc warrior!
The orc knight unwields a +0 long sword.
The orc knight wields a +0 arbalest.
The orc knight shoots a bolt.
The bolt hits you!!
* * * LOW HITPOINT WARNING * * *
You see here a bolt.
The orc warrior throws a boomerang.
The boomerang hits you but does no damage.
The weapon returns to the orc warrior!
The orc priest calls down the wrath of Beogh upon you.
Beogh smites you!
You die...

###....o..##
#......o.o.###
#............#
#.....oo...#####
.#...........#..##
##.....##(........##
#..... ##.o.......##
......#####.........#
#.....#.#..@.......#
#................##
#...............##
#.............### #
##.........##.# .
#..........### .####
##.........# ..#.
###........##
...####.##........###


You could see 2 orc warriors, an orc priest and 2 orcs.

Vanquished Creatures
  A stone giant (Orc:2)
  Erolcha (Orc:1)
  3 two-headed ogres
  2 orc high priests (Orc:2)
  2 thrashing horrors (Abyss:3)
  An unseen horror (D:10)
  An orc knight (Orc:2)
  2 orc sorcerers (Orc:1)
  A gargoyle (D:13)
  A komodo dragon (D:11)
  An ancient zyme (Abyss:3)
  5 trolls
  2 hippogriffs
  A hornet (D:8)
  A wraith (D:12)
  A ynoxinul (Abyss:3)
  8 yaks (D:9)
  A basilisk (D:11)
  2 chaos spawn (Abyss:3)
  2 wargs (Orc:2)
  A swamp drake (D:11)
  9 orc warriors
  2 black bears
  2 sky beasts
  A necrophage (D:11)
  2 ice beasts
  2 phantoms
  8 ogres
  6 centaurs
  A small abomination (Abyss:3)
  A big kobold (D:8)
  2 elf zombies (Ossuary)
  A bullfrog (D:13)
  5 scorpions
  2 wyvern skeletons (D:12)
  6 killer bees (D:12)
  4 howler monkeys
  4 crimson imps
  A bullfrog zombie (D:6)
  A centaur zombie (D:8)
  3 human zombies (Ossuary)
  A centaur skeleton (D:12)
  8 orc priests
  5 hounds
  4 jellies
  An iron imp (Abyss:3)
  A bullfrog skeleton (D:7)
  An iguana (D:8)
  13 orc wizards
  13 worker ants
  A big kobold zombie (Ossuary)
  2 mummies (Ossuary)
  A worker ant zombie (D:8)
  6 gnolls (D:5)
  8 adders
  A shadow imp (D:8)
  A white imp (Abyss:3)
  2 oozes (D:1)
  A worm zombie (D:6)
  3 adder skeletons
  3 dart slugs
  4 leopard geckos
  40 orcs
  3 giant cockroaches
  5 goblins
  6 hobgoblins
  10 jackals
  7 kobolds
  6 quokkas
  2 ball pythons
  5 bats
  8 hobgoblin zombies (Ossuary)
  2 jackal zombies (Ossuary)
  11 kobold zombies (Ossuary)
  A leopard gecko skeleton (D:4)
  A leopard gecko zombie (D:9)
  8 orc zombies (Ossuary)
  2 quokka skeletons
  6 rats
  2 rat zombies
308 creatures vanquished.

Vanquished Creatures (collateral kills)
  A tentacled starspawn (Abyss:3)
  An orange demon (Abyss:3)
  An ancient zyme (Abyss:3)
  2 small abominations (Abyss:3)
  2 starspawn tentacles (Abyss:3)
7 creatures vanquished.

Vanquished Creatures (others)
  An orc (Orc:1)
  A plant (D:8)
  6 starspawn tentacles (Abyss:3)
8 creatures vanquished.

Grand Total: 323 creatures vanquished

Notes
Turn   | Place    | Note
-------+----------+-------------------------------------------
     0 | D:1      | brucemayne the Hill Orc Monk began the quest for the Orb.
     0 | D:1      | Reached XP level 1. HP: 19/19 MP: 1/1
    85 | D:1      | Reached XP level 2. HP: 23/26 MP: 2/2
    91 | D:1      | Reached skill level 5 in Axes
   356 | D:2      | Noticed Terence
   358 | D:2      | Reached XP level 3. HP: 27/31 MP: 3/3
   527 | D:2      | Found a sacrificial altar of Ru.
   557 | D:2      | Reached skill level 6 in Axes
   759 | D:3      | HP: 1/31 [quokka (2)]
  1093 | D:4      | Noticed an ogre
  1101 | D:3      | Reached XP level 4. HP: 39/39 MP: 4/4
  1167 | D:3      | Reached skill level 7 in Axes
  1195 | D:3      | Reached XP level 5. HP: 33/45 MP: 5/5
  1406 | D:4      | Noticed Ijyb
  1485 | D:4      | Noticed a phantom
  1516 | D:4      | Reached skill level 8 in Axes
  1521 | D:4      | Killed a phantom
  1521 | D:4      | Reached skill level 9 in Axes
  1521 | D:4      | Reached XP level 6. HP: 29/51 MP: 6/6
  1588 | D:4      | Found Ydghubbyabi's Magic Scroll Boutique.
  1617 | D:5      | Entered Level 5 of the Dungeon
  1705 | D:6      | Found a sand-covered staircase.
  1721 | D:5      | Reached skill level 10 in Axes
  1721 | D:5      | Reached XP level 7. HP: 16/57 MP: 7/7
  1791 | D:4      | Found a staircase to the Ecumenical Temple.
  1797 | Temple   | Entered the Ecumenical Temple
  1896 | Temple   | Became a worshipper of Trog the Wrathful
  1896 | Temple   | Reached * piety under Trog
  1896 | Temple   | Reached ** piety under Trog
  1962 | D:5      | Reached skill level 11 in Axes
  2012 | D:5      | Reached XP level 8. HP: 64/64 MP: 8/8
  2014 | D:5      | Reached skill level 12 in Axes
  2175 | Ossuary  | Entered an ossuary
  2375 | Ossuary  | Reached skill level 13 in Axes
  2449 | Ossuary  | Reached *** piety under Trog
  2679 | D:7      | Reached skill level 14 in Axes
  2735 | D:7      | Reached skill level 1 in Armour
  2735 | D:7      | Reached XP level 9. HP: 59/71 MP: 9/9
  2786 | D:8      | Reached skill level 5 in Fighting
  2959 | D:8      | Noticed a hornet
  2959 | D:8      | Noticed a two-headed ogre
  2970 | D:8      | Killed a hornet
  2975 | D:8      | Killed a two-headed ogre
  3042 | D:8      | Found a shadowy altar of Dithmenos.
  3049 | D:8      | Found a runed translucent gate.
  3050 | D:8      | Noticed an 11-headed hydra
  3051 | D:8      | Noticed Fzanck's ghost (novice MiFi)
  3052 | D:8      | Found a runed translucent gate.
  3052 | D:8      | Found a runed translucent gate.
  3135 | D:8      | Reached XP level 10. HP: 52/88 MP: 10/10
  3160 | D:7      | Got a polished plate armour
  3174 | D:7      | Identified the +7 plate armour of the Gate {rPois rN+ MR-}
                  | (You found it on level 7 of the Dungeon)
  3266 | D:8      | Reached skill level 15 in Axes
  3412 | D:8      | Found a basalt altar of Yredelemnul.
  3492 | D:9      | Reached **** piety under Trog
  3559 | D:10     | Entered Level 10 of the Dungeon
  3597 | D:10     | Noticed an unseen horror
  3617 | D:10     | Killed an unseen horror
  3743 | D:9      | Reached skill level 10 in Fighting
  3744 | D:9      | Reached skill level 16 in Axes
  4189 | D:12     | Reached XP level 11. HP: 94/100 MP: 11/11
  4298 | D:13     | Noticed a two-headed ogre
  4298 | D:13     | Noticed a two-headed ogre
  4307 | D:13     | Killed a two-headed ogre
  4312 | D:13     | Killed a two-headed ogre
  4328 | D:13     | Got a shimmering amethyst amulet
  4329 | D:13     | Identified the amulet "Daikhux" {Faith +Fly Int+4} (You
                  | found it on level 13 of the Dungeon)
  4443 | D:13     | Found a gate to the Vaults.
  4443 | D:13     | Noticed a wizard
  4444 | D:13     | Cast into level 3 of the Abyss (a wizard)
  4535 | Abyss:3  | Got a transparent morningstar
  4545 | Abyss:3  | Reached skill level 5 in Armour
  4572 | Abyss:3  | Noticed a tentacled starspawn
  4612 | Abyss:3  | Killed a tentacled starspawn
  4633 | Abyss:3  | Noticed a thrashing horror
  4639 | Abyss:3  | Noticed a thrashing horror
  4643 | Abyss:3  | Killed a thrashing horror
  4652 | Abyss:3  | Noticed a large abomination
  4654 | Abyss:3  | Killed a thrashing horror
  4654 | Abyss:3  | Reached skill level 5 in Dodging
  4656 | D:13     | Escaped the Abyss
  4689 | D:12     | Found a staircase to the Orcish Mines.
  4761 | D:12     | Identified Foteh's Handbook of Nocuous Displacement
  4892 | D:11     | Reached skill level 17 in Axes
  4957 | D:11     | Noticed a five-headed hydra
  5196 | Orc:1    | Entered Level 1 of the Orcish Mines
  5196 | Orc:1    | Noticed Erolcha
  5208 | Orc:1    | Killed Erolcha
  5208 | Orc:1    | Reached XP level 12. HP: 108/112 MP: 12/12
  5290 | Orc:1    | Found a roughly hewn altar of Beogh.
  5474 | Orc:1    | Found Ylaliare's Weapon Shop.
  5495 | Orc:2    | Entered Level 2 of the Orcish Mines
  5504 | Orc:2    | Found a roughly hewn altar of Beogh.
  5591 | Orc:2    | Noticed an orc high priest
  5617 | Orc:2    | Killed an orc high priest
  5639 | Orc:2    | Noticed a stone giant
  5660 | Orc:2    | Killed a stone giant
  5660 | Orc:2    | Reached skill level 18 in Axes
  5675 | Orc:2    | Reached ***** piety under Trog
  5751 | Orc:2    | Noticed an orc high priest
  5767 | Orc:2    | Killed an orc high priest
  5947 | Orc:2    | Killed from afar by an orc priest

Levels and vault maps discovered:
D:1:      dpeg_arrival_oval, layout_basic, minmay_misc_feat_five,
          due_unseen_surprise
D:2:      layout_rooms, nicolae_ru_sacrificial_ziggurat,
          minmay_misc_feat_encased, hangedman_decor_growths, uniq_terence
D:3:      layout_rooms
D:4:      minmay_octagon_keep, layout_rooms, minmay_temple_entry_butterflies,
          serial_shops, nicolae_shop_crystal, uniq_ijyb, uniq_blork_the_orc,
          uniq_menkaure
D:5:      layout_rooms, grunt_temple_overflow_open, vehumet_statue,
          first_ration, uniq_crazy_yiuf_cottage, uniq_sigmund
D:6:      layout_loops_corners, serial_glass, glass_columns_a, glass_columns_a,
          due_unseen_surprise, item_on_display_a, item_on_display_a,
          enter_ossuary_3
D:7:      layout_loops_cross, serial_shops, shop, nicolae_shop_window_shopping
D:8:      layout_gridville, kennysheep_mini, kennysheep_little_box,
          gammafunk_ghost_hydra_chop
D:9:      layout_small_grid, hangedman_incinerator
D:10:     layout_cave_pools
D:11:     layout_roguey, erik_lair_dragon, serial_shops, shop_fountains
D:12:     layout_rooms, orc_0_dummy
D:13:     layout_cave_pods, david_vaults_1
Temple:   eino_temple_scatter_basement
Orc:1:    layout_caves, basic_altar, serial_shops, nicolae_shop_stone,
          uniq_erolcha
Orc:2:    grunt_orc_community_town_hall, layout_diamond_mine,
          grunt_orc_community_big_house_1, grunt_orc_community_big_house_1,
          grunt_orc_community_house_1, grunt_orc_community_house_2,
          grunt_orc_community_house_1, grunt_orc_community_house_2,
          serial_shops, shop, bloody_makhleb

Skill      XL: |  1  2  3  4  5  6  7  8  9 10 11 12 |
---------------+-------------------------------------+-----
Axes           | 5 6 7 9 10 11 14 16 17 18 | 18.4
Fighting       | 4 8 10 12 13 | 13.5
Armour         | 1 4 7 |  7.2
Dodging        | 5 |  5.1
Stealth        | |  1.5

Action                   |  1- 3 |  4- 6 |  7- 9 | 10-12 || total
-------------------------+-------+-------+-------+-------++-------
Melee: Hand axe          |   104 |       |       |       ||   104
       War axe           |       |   126 |   373 |   538 ||  1037
Throw: Dart              |       |       |     5 |       ||     5
Invok: Trog's Hand       |       |       |     7 |    13 ||    20
       Berserk           |       |       |     3 |    11 ||    14
       Brothers in Arms  |       |       |       |     1 ||     1
Evoke: Wand              |       |       |       |     2 ||     2
  Use: Scroll            |       |     5 |       |     9 ||    14
       Potion            |       |     4 |     1 |     4 ||     9
 Stab: Sleeping          |     2 |       |     1 |       ||     3
  Eat: Ration            |     1 |       |       |     7 ||     8
       Chunk             |       |       |    10 |     2 ||    12
Armor: Robe              |    15 |       |       |       ||    15
       Ring mail         |     1 |    57 |   129 |       ||   187
       Plate armour      |       |       |       |   387 ||   387
Dodge: Dodged            |    88 |    91 |   174 |   195 ||   548
